 Dungeon Crawl Stone Soup version 0.32-a0-42-ga30500b4d3 (webtiles) character file.

Game seed: 5174348891521724659

457 seren the Shooter (level 7, 0/42 HPs)
             Began as a Kobold Hunter on Feb 3, 2024.
             Slain by a gnoll
             ... wielding a +0 flail
             ... led by a gnoll sergeant
              (7 damage)
             ... on level 5 of the Dungeon.
             The game lasted 00:10:32 (4289 turns).

seren the Shooter (Kobold Hunter)                   Turns: 4289, Time: 00:10:32

Health: 0/42       AC:  5    Str:  8    XL:     7   Next: 27%
Magic:  7/7        EV: 16    Int: 10    God:
Gold:   196        SH:  0    Dex: 21    Spells: 6/6 levels left

rFire   . . .        b - +0 dagger
rCold   . . .        (no shield)
rNeg    . . .        c - +0 leather armour
rPois   .            o - +1 hat
rElec   .            (no cloak)
rCorr   .            (no gloves)
SInv    .            n - +0 pair of boots
Will    .....        (no amulet)
Stlth   ++++         (no ring)
HPRegen 0.27/turn    (no ring)
MPRegen 0.10/turn

%: no passive effects
@: invisible
A: small, no large weapons, nightstalker 3
a: no special abilities


You were on level 5 of the Dungeon.
You visited 1 branch of the dungeon, and saw 5 of its levels.

You collected 196 gold pieces.

Inventory:

Hand Weapons
 a - a +0 shortbow of flaming
 b - a +0 dagger (weapon)
Missiles
 r - 8 poisoned darts
Armour
 c - a +0 leather armour (worn)
 h - a +0 scale mail
 n - a +0 pair of boots (worn)
 o - a +1 hat (worn)
Scrolls
 f - 2 scrolls of vulnerability
 i - 2 scrolls of enchant armour
 k - a scroll of butterflies
 p - a scroll of amnesia {unknown}
 s - a scroll of fog {unknown}
 t - a scroll of immolation {unknown}
Potions
 d - 4 potions of mutation {!q}
 g - a potion of attraction {unknown}
 j - a potion of degeneration {unknown}
 l - a potion of curing {unknown}
 m - a potion of brilliance {unknown}
 q - 2 potions of enlightenment
 u - 2 potions of lignification {unknown}


   Skills:
 + Level 3.8 Fighting
 * Level 7.1 Ranged Weapons
 * Level 2.3 Armour
 + Level 4.2 Dodging
 + Level 4.4 Stealth


You had 6 spell levels left.
You didn't know any spells.
Your spell library contained the following spells:

 Spells                   Type           Power      Damage    Failure   Level
 Sublimation of Blood     Necr           0%         N/A       63%         2
 Passage of Golubria      Tloc           0%         N/A       99%         4
 Petrify                  Alch/Erth      0%         N/A       99%         4
 Irradiate                Conj/Alch      0%         3d11      100%        5
 Silence                  Hex/Air        0%         N/A       100%        5
 Lehudib's Crystal Spear  Conj/Erth      0%         10d2      100%        8


Dungeon Overview and Level Annotations

Branches:
Dungeon (5/15)
 Temple: D:4-7

Altars:

Annotations:
D:2 Sigmund


Innate Abilities, Weirdness & Mutations

You are small and have problems with some larger weapons.
You are completely attuned to the shadows.


Message History

You shoot an arrow.
The arrow barely misses the gnoll sergeant.
The gnoll sergeant hits you from afar with a +0 spear.
You shoot an arrow. The arrow hits the gnoll sergeant.
The arrow burns the gnoll sergeant.
The gnoll sergeant is moderately wounded.
The gnoll sergeant hits you from afar with a +0 spear!
* * * LOW HITPOINT WARNING * * *
You shoot an arrow. The arrow hits the gnoll sergeant.
The arrow burns the gnoll sergeant.
The gnoll sergeant is heavily wounded.
The gnoll sergeant misses you.
You shoot an arrow.
The arrow barely misses the gnoll sergeant.
The gnoll sergeant hits you from afar with a +0 spear.
* * * LOW HITPOINT WARNING * * *
You shoot an arrow. The arrow hits the gnoll sergeant.
The arrow burns the gnoll sergeant.
The gnoll sergeant is heavily wounded.
The gnoll sergeant hits you from afar with a +0 spear!
* * * LOW HITPOINT WARNING * * *
You are too injured to fight recklessly!
You fade into invisibility!
The gnoll sergeant misses you.
Your +0 shortbow of flaming stops flaming.
b - a +0 dagger (weapon)
The gnoll sergeant closely misses you.
The gnoll sergeant hits you with a +0 spear.
* * * LOW HITPOINT WARNING * * *
You catch the helpless gnoll sergeant completely off-guard!
You puncture the gnoll sergeant!
The gnoll sergeant is almost dead.
The gnoll sergeant hits you with a +0 spear!
* * * LOW HITPOINT WARNING * * *
You strike the helpless gnoll sergeant from behind!
You puncture the gnoll sergeant!
You kill the gnoll sergeant!
The gnoll closely misses you.
You hit the gnoll but do no damage. The gnoll hits you with a +0 flail!
You die...

#.................#
##(...............##
#############.....##
#......####
#.........#
##.........#
#..........#
##)........g## ##
##@.......<.g.####<
###.g..####.......g.#
##......# ###......##
#.......# ##..####
#.......# #..#
..###...# #).# ##
#...## #)## #....#
#.# ##...# #.##


You could see a gnoll (unable to see you).

Vanquished Creatures
  Menkaure (D:4)
  A gnoll sergeant (D:5)
  A sleepcap (D:4)
  An iguana (D:5)
  4 adders
  9 gnolls
  A ribbon worm (D:3)
  4 dart slugs
  7 orcs
  4 endoplasms
  4 giant cockroaches
  6 goblins
  10 hobgoblins
  2 jackals (D:2)
  3 quokkas
  5 ball pythons
  7 bats
  5 frilled lizards
  12 kobolds
  5 rats
92 creatures vanquished.

Notes
Turn   | Place    | Note
-------+----------+-------------------------------------------
     0 | D:1      | seren the Kobold Hunter began the quest for the Orb.
     0 | D:1      | Reached XP level 1. HP: 12/12 MP: 1/1
    73 | D:1      | Reached XP level 2. HP: 18/18 MP: 2/2
   221 | D:1      | Reached XP level 3. HP: 22/22 MP: 3/3
   851 | D:2      | Noticed Sigmund
  1126 | D:2      | Reached XP level 4. HP: 21/27 MP: 4/4
  1818 | D:3      | Found a faded altar of an unknown god.
  2450 | D:3      | Reached skill level 6 in Ranged Weapons
  2450 | D:3      | Reached XP level 5. HP: 23/32 MP: 5/5
  2642 | D:3      | Reached skill level 1 in Armour
  3181 | D:4      | Noticed Menkaure
  3185 | D:4      | Killed Menkaure
  3186 | D:4      | Reached XP level 6. HP: 24/37 MP: 6/6
  3564 | D:5      | Entered Level 5 of the Dungeon
  4076 | D:5      | Reached XP level 7. HP: 34/42 MP: 7/7
  4163 | D:4      | Reached skill level 7 in Ranged Weapons
  4289 | D:5      | Slain by a gnoll

Illustrated notes

Levels and vault maps discovered:
D:1:      lightli_arrival_boilingwater, layout_rooms, minmay_small_reverse_x
D:2:      minmay_recursive_quarters, layout_basic, uniq_crazy_yiuf_cottage,
          uniq_sigmund
D:3:      layout_basic, hellmonk_ecumenical_altar_crossroads
D:4:      layout_cave_pods, uniq_menkaure
D:5:      layout_layer_cave, general_overflow_altar, minmay_chambers_of_fives

Skill      XL: |  1  2  3  4  5  6  7 |
---------------+----------------------+-----
Stealth        | 2 3 4 |  4.4
Dodging        | 3 4 |  4.2
Fighting       | 3 |  3.8
Ranged Weapons | 6 7 |  7.1
Armour         | 1 2 |  2.3

Action                     |  1- 3 |  4- 6 |  7- 9 || total
---------------------------+-------+-------+-------++-------
  Melee: Dagger            |     1 |    21 |     3 ||    25
   Fire: Shortbow          |    95 |   173 |    15 ||   283
    Use: Scroll            |     2 |     4 |       ||     6
         Potion            |       |     1 |     1 ||     2
   Stab: Invisible         |       |       |     2 ||     2
 Armour: Leather armour    |    17 |    22 |     9 ||    48
         Scale mail        |    19 |    57 |       ||    76
  Dodge: Dodged            |    31 |    81 |     9 ||   121

Table legend: (Time is in decaauts)
 A = Elapsed time spent in this place.
 B = Non-inter-level travel time spent in this place.
 C = Inter-level travel time spent in this place.
 D = Time resting spent in this place.
 E = Time spent auto-exploring this place.
 F = Levels seen in this place.
 G = Mean time per level.
                   A        B        C        D        E       F      G
               +--------+--------+--------+--------+--------+-----+--------+
         Total |   4376 |   4064 |    312 |    417 |   2241 |   5 |  875.2 |
       Dungeon |   4376 |   4064 |    312 |    417 |   2241 |   5 |  875.2 |
               +--------+--------+--------+--------+--------+-----+--------+

Top non-repeatable levels by time:
     D:3: 1199 daAuts
     D:4: 1018 daAuts
     D:1: 849 daAuts
     D:2: 687 daAuts
     D:5: 621 daAuts
